 Dungeon Crawl Stone Soup version 0.24.0-7-gb3623d2c88 (webtiles) character file.

Game seed: 8014602140917305198, levelgen mode: deterministic

61053 MeekVeins the Unseen (level 15, -1/80 HPs)
             Began as a Vine Stalker Ice Elementalist on Nov 2, 2019.
             Was the Champion of Kikubaaqudgha.
             Slain by an ettin
             ... wielding a cursed -3 dire flail
              (33 damage)
             ... on level 1 of the Depths on Nov 3, 2019.
             The game lasted 01:17:34 (14020 turns).

MeekVeins the Unseen (VSIE)                        Turns: 14020, Time: 01:17:35

Health: -1/80      AC: 17    Str: 20    XL:     15   Next: 1%
Magic:  0/22       EV: 19    Int: 27    God:    Kikubaaqudgha [******]
Gold:   459        SH: 10    Dex: 23    Spells: 9/22 levels left

rFire    + . .     SeeInvis .   a - +8 short sword of Exoneration {speed, rC+ MR- Int+7 Dex+2}
rCold    + . .     Gourm    .   t - +4 buckler "Aneurum" {rElec MR+ rCorr}
rNeg     . . .     Faith    +   k - +3 robe "Barosm" {Str+5 Int+4 Dex+5}
rPois    .         Spirit   +   X - +0 hat {MR+}
rElec    +         Reflect  .   J - +1 cloak {+Inv}
rCorr    +         Harm     .   j - +1 pair of gloves of Nowonid {Slay+2}
MR       +++..                  L - +0 pair of boots
Stlth    +++++++...             v - amulet of faith
HPRegen  1.03/turn              m - ring of protection from magic
MPRegen  0.18/turn              f - ring of protection from fire

@: confusing touch, icy armour, very slightly contaminated, invisible
A: fangs 3, regeneration 2, magic shield, antimagic bite, no potion heal 3, rot
immunity
a: Receive Corpses, Torment, Renounce Religion


You were on level 1 of the Depths.
You worshipped Kikubaaqudgha.
Kikubaaqudgha was exalted by your worship.
You were hungry.

You visited 3 branches of the dungeon, and saw 17 of its levels.
You also visited: Gauntlet.

You collected 887 gold pieces.
You spent 428 gold pieces at shops.

Inventory:

Hand Weapons
 a - the +8 short sword of Exoneration (weapon) {speed, rC+ MR- Int+7 Dex+2}
   (You found it on level 5 of the Dungeon)

   Attacks with this weapon are significantly faster.
   It affects your intelligence (+7).
   It affects your dexterity (+2).
   It protects you from cold.
   It affects your resistance to hostile enchantments.
 U - the +5 broad axe of the Neverending Dreams {holy, rN+ Str+4 Int+3 Dex+2}
   (You bought it in a shop on level 8 of the Dungeon)

   It has been blessed by the Shining One to cause great damage to the undead
   and demons.
   It affects your strength (+4).
   It affects your intelligence (+3).
   It affects your dexterity (+2).
   It protects you from negative energy.
Missiles
 r - 130 poisoned darts (quivered)
 F - 529 stones
 Z - 4 throwing nets
Armour
 d - a +2 robe of magic resistance
 e - the +1 helmet of Zin's Fury {rPois rC++ MR-}
   (You found it in a Gauntlet)

   It greatly protects you from cold.
   It protects you from poison.
   It affects your resistance to hostile enchantments.
 j - the +1 pair of gloves of Nowonid (worn) {Slay+2}
   (You found it in a Gauntlet)

   It affects your accuracy and damage with ranged weapons and melee attacks
   (+2).
 k - the +3 robe "Barosm" (worn) {Str+5 Int+4 Dex+5}
   (You found it on level 11 of the Dungeon)

   It affects your strength (+5).
   It affects your intelligence (+4).
   It affects your dexterity (+5).
 t - the +4 buckler "Aneurum" (worn) {rElec MR+ rCorr}
   (You found it on level 8 of the Dungeon)

   It insulates you from electricity.
   It affects your resistance to hostile enchantments.
   It provides partial protection from all sources of acid and corrosion.
 J - a +1 cloak of invisibility (worn)
 L - a +0 pair of boots (worn)
 X - a +0 hat of magic resistance (worn)
Jewellery
 c - an uncursed ring of protection from cold
 f - a ring of protection from fire (right hand)
 m - a ring of protection from magic (left hand)
 n - the ring "Umimake" {Wiz rC- rN+ Dex+5 Stlth+}
   (You bought it in a shop on level 5 of the Dungeon)

   [ring of wizardry]

   It improves your spell success rate.
   It affects your dexterity (+5).
   It makes you vulnerable to cold.
   It protects you from negative energy.
   It makes you more stealthy.
 o - an uncursed ring of poison resistance
 v - an amulet of faith (around neck)
Wands
 A - a wand of acid (12)
 E - a wand of enslavement (6)
 I - a wand of iceblast (13)
 O - a wand of clouds (5)
 P - a wand of paralysis (19)
 W - a wand of disintegration (9)
Scrolls
 g - a scroll of enchant weapon
 i - a scroll of holy word {unknown}
 l - 2 scrolls of summoning {unknown}
 q - 2 scrolls of acquirement {unknown}
 x - 6 scrolls of remove curse
 y - a scroll of fog {unknown}
 B - 2 scrolls of blinking
 C - a scroll of fear
 K - 2 scrolls of immolation
 M - 3 scrolls of magic mapping
 S - 5 scrolls of amnesia
 T - 3 scrolls of teleportation
 V - 3 scrolls of enchant armour
Potions
 s - a potion of flight
 u - a potion of agility {unknown}
 w - 2 potions of berserk rage
 D - 4 potions of might
 G - a potion of cancellation {unknown}
 H - a potion of haste
 N - a potion of resistance
 Q - 7 potions of curing
 Y - a potion of lignification
Miscellaneous
 b - a phantom mirror
Comestibles
 z - 26 rations
 R - 3 chunks of flesh


   Skills:
 - Level 10.0 Fighting
 - Level 12.0 Short Blades
 - Level 2.0 Throwing
 - Level 8.0 Dodging
 - Level 16.1 Stealth
 - Level 4.2 Shields
 + Level 4.4 Spellcasting
   Level 1.0 Conjurations
 - Level 4.0 Hexes
 + Level 4.6 Charms
 + Level 3.5 Necromancy
 - Level 1.0 Transmutations
 + Level 5.3 Ice Magic
 - Level 1.0 Earth Magic
 - Level 4.0 Evocations


You had 9 spell levels left.
You knew the following spells:

 Your Spells              Type           Power        Failure   Level  Hunger
a - Freeze                Ice            ####         1%          1    None
b - Corpse Rot            Necr           N/A          2%          2    None
c - Passwall              Tmut/Erth      ##......     8%          2    None
d - Animate Skeleton      Necr           N/A          1%          1    None
x - Confusing Touch       Hex            ####..       1%          1    None
A - Ozocubu's Armour      Chrm/Ice       ####....     3%          3    ##.....
R - Regeneration          Chrm/Necr      ####......   4%          3    ##.....

Your spell library contained the following spells:

 Spells                   Type           Power        Failure   Level  Hunger
 Pain                     Necr           ####         1%          1    None
 Sublimation of Blood     Necr           ####......   2%          2    None
 Throw Frost              Conj/Ice       ###...       3%          2    None
 Beastly Appendage        Tmut           ##....       4%          1    None
 Sandblast                Erth           ##....       4%          1    None
 Confuse                  Hex            ####....     4%          3    ##.....
 Tukima's Dance           Hex            ####....     4%          3    ##.....
 Vampiric Draining        Necr           ####......   5%          3    ##.....
 Apportation              Tloc           #.....       8%          1    None
 Summon Butterflies       Summ           #.......     8%          1    None
 Summon Small Mammal      Summ           #...         8%          1    None
 Sticks to Snakes         Tmut           ##......     8%          2    None
 Stone Arrow              Conj/Erth      ##....       16%         3    ##.....
 Spider Form              Tmut/Pois      #.........   19%         3    ##.....
 Animate Dead             Necr           N/A          19%         4    ####...
 Ice Form                 Ice/Tmut       ###.....     21%         4    ####...
 Throw Icicle             Conj/Ice       ###.....     21%         4    ####...
 Gell's Gravitas          Tloc           #.........   22%         3    ##.....
 Lesser Beckoning         Tloc           #.........   22%         3    ##.....
 Summon Ice Beast         Ice/Summ       ###.....     26%         4    ####...
 Metabolic Englaciation   Hex/Ice        ####......   30%         5    #####..
 Excruciating Wounds      Chrm/Necr      ####......   36%         5    #####..
 Petrify                  Tmut/Erth      ##......     43%         4    ####...
 Dispel Undead            Necr           ####....     45%         5    #####..
 Yara's Violent Unravell  Hex/Tmut       ###.......   58%         5    #####..
 Blade Hands              Tmut           ##........   80%         5    #####..
 Lee's Rapid Deconstruct  Erth           ##........   80%         5    #####..
 Alistair's Intoxication  Tmut/Pois      #.......     86%         5    #####..
 Simulacrum               Ice/Necr       ####......   88%         6    #######
 Invisibility             Hex            ####....     91%         6    #######
 Death Channel            Necr           ####......   95%         6    #######
 Haunt                    Necr/Summ      ###.......   100%        7    #######
 Borgnjor's Revivificati  Necr           ####......   100%        8    #######
 Death's Door             Chrm/Necr      ####......   100%        8    #######
 Infestation              Necr           ####......   100%        8    #######
 Necromutation            Tmut/Necr      ###.......   100%        8    #######


Dungeon Overview and Level Annotations

Branches:
Dungeon (15/15)            Temple (1/1) D:7            Lair (0/6) D:10
    Orc (0/2) D:9          Vaults (0/5) D:13         Depths (1/5) D:15
Gauntlet (visited)

Altars:
Ashenzari
Cheibriados
Dithmenos
Elyvilon
Fedhas
Gozag
Hepliaklqana
Kikubaaqudgha
Makhleb
Nemelex Xobeh
Okawaru
Qazlal
Ru
Sif Muna
Trog
Uskayaw
Vehumet
Wu Jian
Xom
Yredelemnul
Zin
The Shining One

Shops:
D:4 ?   D:5 *   D:8 (   D:13 %[

Annotations:
D:5 invis cloak on yiuf
D:9 exclusion: downstairs
D:10 exclusion: downstairs
D:12 1 exclusion
D:13 exclusion: downstairs


Innate Abilities, Weirdness & Mutations

You have razor-sharp teeth.
You heal very quickly.
When hurt, damage is shared between your health and your magic reserves.
Your bite disrupts and absorbs the magic of your enemies.
Potions cannot restore your health.
You are immune to rotting.


Message History

The orc sorcerer is lightly wounded.
You hit the orc sorcerer. You bite the orc sorcerer.
The orc sorcerer's magic leaks into the air.
You drain its magic.
The orc sorcerer is heavily wounded.
The orc sorcerer hits you but does no damage.
You hit the orc sorcerer. You bite the orc sorcerer.
The orc sorcerer's magic leaks into the air.
You drain its magic.
The orc sorcerer is severely wounded.
The hellwing hits you! The hellwing closely misses you.
You puncture the orc sorcerer!
You kill the orc sorcerer!
Kikubaaqudgha accepts your kill.
The hellwing disappears in a puff of smoke!
Casting: Confusing Touch (safe; 1% risk of failure)
Confirm with . or Enter, or press ? or * to list all spells.
Your hands begin to glow red.
You block the deep troll's attack. The deep troll claws you. x2
You hit the deep troll but do no damage.
The deep troll appears confused.
You bite the deep troll. You drain its power.
You feel invigorated.
The deep troll is lightly wounded.
You puncture the deep troll! You bite the deep troll! You drain its power.
The deep troll is moderately wounded.
You strike the helpless deep troll from behind!
You stick the deep troll like a pincushion!!!
You kill the deep troll!
Kikubaaqudgha accepts your kill.
The troll leather armour is intact enough to wear.
You have reached level 15!
Your experience leads to an increase in your attributes!
Your base attributes are Str 14, Int 16, Dex 16.
Increase (S)trength, (I)ntelligence, or (D)exterity?
You feel stronger.
Press: ? - help, v - describe, . - travel
Here: an ettin, wielding a -3 dire flail and a +0 dire flail The floor.
You fade into invisibility!
You are very lightly contaminated with residual magic.
You are feeling hungry.
Casting: Confusing Touch (safe; 1% risk of failure)
Confirm with . or Enter, or press ? or * to list all spells.
Your hands begin to glow red.
The warg howls!
You hear a shout!
You hit the ettin but do no damage. You bite the ettin, but do no damage.
The ettin hits you with a cursed -3 dire flail!!
The ettin hits you with a +0 dire flail!!!
You die...
Kikubaaqudgha rasps: "You have failed me!
Welcome... death!"

#.## #.# #.# #.# #†#
#.# ###.# #..÷# #@###
##C# ####.'######
#..........#
##+#########.h....)...#
..?......#.'..........#
.........'......[.....#
.........#([..........#
..........##..........#


You could see an ettin and a warg.

Vanquished Creatures
  Gastronok (D:12)
  Frances (D:13)
  A caustic shrike zombie (D:15)
  A minotaur (Gauntlet)
  Snorg (D:10)
  5 vault guards (D:13)
  4 hydras
  6 centaur warriors
  A deep troll shaman (Depths:1)
  2 two-headed ogres
  A deep troll earth mage (Depths:1)
  A vampire mage (D:15)
  6 death yaks
  An ogre mage (D:13)
  A hell hog (Gauntlet)
  Urug (D:12)
  A titan zombie (D:15)
  A skeletal warrior (D:15)
  A sixfirhy (Gauntlet)
  An unseen horror (D:14)
  A wizard (Gauntlet)
  2 deep trolls (Depths:1)
  A tengu zombie (Depths:1)
  A wolf spider zombie (D:14)
  2 necromancers
  A harpy (shapeshifter) (D:14)
  23 ugly things
  2 orc sorcerers
  2 deep elf magi
  3 cyclopes
  3 manticores
  2 frost giant zombies (Depths:1)
  A centaur zombie (D:14)
  A stone giant skeleton (D:15)
  A frost giant skeleton (D:15)
  Joseph (D:7)
  A gargoyle (D:13)
  A komodo dragon (shapeshifter) (D:14)
  A kobold demonologist (D:13)
  A yaktaur (Depths:1)
  An efreet (D:13)
  A guardian mummy (D:15)
  A harpy skeleton (D:14)
  Prince Ribbit (D:7)
  3 slime creatures (D:14)
  5 hippogriffs
  An ice dragon skeleton (Depths:1)
  7 yaks
  A water elemental (Depths:1)
  5 wraiths
  2 humans
  2 fire bats (Gauntlet)
  2 hogs (D:9)
  A steam dragon (D:13)
  A yaktaur simulacrum (Depths:1)
  2 hungry ghosts
  2 wargs (Depths:1)
  Edmund (D:6)
  A soldier ant (D:14)
  A hell hound (Gauntlet)
  2 acid dragons
  A water moccasin (D:13)
  9 orc warriors
  3 ice beasts
  A black bear (D:7)
  2 eyes of draining
  3 sky beasts
  2 phantoms
  A necrophage (D:15)
  19 centaurs
  2 ogres
  3 crocodiles
  A big kobold (D:11)
  12 bullfrogs
  A water moccasin zombie (D:7)
  A water moccasin skeleton (D:5)
  A troll zombie (D:15)
  7 killer bees
  7 wights
  A howler monkey (D:6)
  7 crimson imps
  4 hounds
  2 quasits
  2 human zombies (D:15)
  A jelly (D:11)
  9 orc wizards
  7 orc priests
  Crazy Yiuf (D:4)
  3 centaur skeletons
  2 gnoll shamans (D:9)
  5 iguanas
  A human skeleton (D:15)
  11 worker ants
  A human simulacrum (D:14)
  2 hound zombies
  A hound skeleton (D:7)
  2 mummies (D:15)
  A worker ant zombie (D:11)
  17 gnolls
  A howler monkey skeleton (D:4)
  10 adders
  3 shadow imps
  13 white imps
  2 oozes
  2 ufetubi (Gauntlet)
  An adder skeleton (D:8)
  A worm (D:2)
  A dart slug (D:3)
  2 leopard geckos
  33 orcs
  4 giant cockroaches
  2 hobgoblins (D:1)
  17 jackals
  8 quokkas
  A ball python (D:1)
  10 bats
  4 frilled lizards
  4 goblins
  6 kobolds
  A leopard gecko skeleton (D:6)
  A leopard gecko zombie (D:6)
  10 rats
425 creatures vanquished.

Vanquished Creatures (others)
  A troll (D:15)
  A bullfrog (D:14)
  A human simulacrum (D:14)
  5 withered plants (D:15)
8 creatures vanquished.

Grand Total: 433 creatures vanquished

Notes
Turn   | Place    | Note
-------+----------+-------------------------------------------
     0 | D:1      | MeekVeins the Vine Stalker Ice Elementalist began the quest
                  | for the Orb.
     0 | D:1      | Reached XP level 1. HP: 9/9 MP: 4/4
   253 | D:1      | Reached XP level 2. HP: 13/13 MP: 1/6
   916 | D:2      | Reached XP level 3. HP: 12/16 MP: 2/7
   956 | D:2      | Learned a level 3 spell: Ozocubu's Armour
  1421 | D:3      | Noticed a bullfrog
  1428 | D:3      | Killed a bullfrog
  1428 | D:3      | Reached skill level 3 in Stealth
  1428 | D:3      | Gained mutation: Your natural rate of healing is unusually
                  | fast. [Vine Stalker growth]
  1428 | D:3      | Reached XP level 4. HP: 16/21 MP: 0/8
  1517 | D:3      | Reached XP level 5. HP: 21/24 MP: 6/9
  1554 | D:3      | Found an ancient bone altar of Kikubaaqudgha.
  1719 | D:3      | Found a snail-covered altar of Cheibriados.
  1920 | D:3      | Found a shimmering altar of Xom.
  2107 | D:3      | Reached skill level 4 in Stealth
  2295 | D:4      | Found Ynwiwu's Magic Scroll Boutique.
  2301 | D:4      | Bought a scroll of identify for 22 gold pieces
  2301 | D:4      | Bought a scroll of identify for 22 gold pieces
  2301 | D:4      | Bought a scroll of teleportation for 33 gold pieces
  2403 | D:4      | Reached skill level 1 in Throwing
  2479 | D:4      | Reached skill level 5 in Ice Magic
  2479 | D:4      | Reached XP level 6. HP: 24/28 MP: 6/10
  2593 | D:4      | Learned a level 1 spell: Confusing Touch
  2750 | D:4      | Reached skill level 1 in Hexes
  2884 | D:4      | Found a runed translucent door.
  2885 | D:4      | Noticed Crazy Yiuf
  2932 | D:5      | Entered Level 5 of the Dungeon
  3042 | D:5      | Reached skill level 1 in Short Blades
  3233 | D:5      | Got an ancient short sword
  3234 | D:5      | Identified the +8 short sword of Exoneration {speed, rC+
                  | MR- Int+7 Dex+2} (You found it on level 5 of the Dungeon)
  3498 | D:5      | Found Atazacw's Assorted Antiques.
  3503 | D:5      | Bought a bound tin ring for 90 gold pieces
  3504 | D:5      | Identified the ring "Umimake" {Wiz rC- rN+ Dex+5 Stlth+}
                  | (You bought it in a shop on level 5 of the Dungeon)
  3526 | D:5      | Found a basalt altar of Yredelemnul.
  3530 | D:5      | Found a hide-covered altar of Uskayaw.
  3532 | D:5      | Found a glowing golden altar of the Shining One.
  3642 | D:6      | Reached XP level 7. HP: 27/32 MP: 4/11
  3708 | D:6      | Found an opulent altar of Gozag.
  3781 | D:6      | Found a shimmering blue altar of Sif Muna.
  3932 | D:6      | Noticed Edmund
  3946 | D:6      | Killed Edmund
  3946 | D:6      | Reached skill level 5 in Short Blades
  3956 | D:6      | Gained mutation: You have razor-sharp teeth. [Vine Stalker
                  | growth]
  3956 | D:6      | Reached XP level 8. HP: 26/36 MP: 9/12
  3967 | D:6      | Found a glowing silver altar of Zin.
  4003 | D:6      | Reached skill level 1 in Fighting
  4204 | D:6      | Found a radiant altar of Vehumet.
  4335 | D:7      | Found a staircase to the Ecumenical Temple.
  4336 | D:7      | Noticed Prince Ribbit
  4376 | D:7      | Killed Prince Ribbit
  4444 | D:7      | Reached skill level 5 in Stealth
  4451 | Temple   | Entered the Ecumenical Temple
  4637 | D:3      | Became a worshipper of Kikubaaqudgha
  4711 | D:7      | Reached XP level 9. HP: 45/45 MP: 13/13
  4757 | D:7      | Noticed Joseph
  4770 | D:7      | Killed Joseph
  4770 | D:7      | Reached skill level 6 in Stealth
  5049 | D:7      | Reached skill level 7 in Stealth
  5207 | D:7      | Learned a level 3 spell: Regeneration
  5332 | D:7      | Found a sparkling altar of Nemelex Xobeh.
  5375 | D:8      | Found Qurysch's Antique Weapon Shop.
  5394 | D:8      | Got a bloodstained buckler
  5402 | D:7      | Identified the +4 buckler "Aneurum" {rElec MR+ rCorr} (You
                  | found it on level 8 of the Dungeon)
  5480 | D:8      | Reached skill level 1 in Shields
  5608 | D:8      | Reached * piety under Kikubaaqudgha
  5608 | D:8      | Identified Kikubaaqudgha's Volume of Unholy Rites {god
                  | gift} (Kikubaaqudgha gifted it to you on level 8 of the
                  | Dungeon)
  5608 | D:8      | Received a gift from Kikubaaqudgha
  5752 | D:8      | Found a white marble altar of Elyvilon.
  5786 | D:8      | Reached XP level 10. HP: 24/49 MP: 5/14
  5831 | D:8      | Found a glowing golden altar of the Shining One.
  6107 | D:9      | Found a staircase to the Orcish Mines.
  6269 | D:9      | Reached ** piety under Kikubaaqudgha
  6347 | D:9      | Reached skill level 8 in Stealth
  6472 | D:9      | Found a blossoming altar of Fedhas.
  6637 | D:9      | You fall into a shaft and drop 3 floors!
  6724 | D:11     | You fall into a shaft and drop 3 floors!
  6725 | D:14     | Noticed a five-headed hydra
  6725 | D:14     | Noticed a two-headed ogre
  6759 | D:13     | Found a gate leading to a gauntlet.
  6796 | Gauntlet | Entered a Gauntlet
  6796 | Gauntlet | Found a transporter.
  6800 | Gauntlet | Found a transporter.
  6802 | Gauntlet | Found a transporter.
  6807 | Gauntlet | Found a runed translucent door.
  6808 | Gauntlet | Found a runed translucent door.
  6811 | Gauntlet | Found a transporter.
  6813 | Gauntlet | Found a transporter.
  6824 | Gauntlet | Found a transporter.
  6824 | Gauntlet | Noticed an entropy weaver
  6839 | Gauntlet | Noticed a sixfirhy
  6840 | Gauntlet | Found a transporter.
  6842 | Gauntlet | Noticed a sixfirhy
  6850 | Gauntlet | Found a transporter.
  6860 | Gauntlet | Found a transporter.
  6860 | Gauntlet | Noticed a death scarab
  6863 | Gauntlet | Noticed a spectral eight-headed hydra
  6872 | Gauntlet | Found a transporter.
  6872 | Gauntlet | Found a transporter.
  6884 | Gauntlet | Noticed a sixfirhy
  6884 | Gauntlet | Noticed a hell hog
  6888 | Gauntlet | Found a transporter.
  6889 | Gauntlet | Found a transporter.
  6896 | Gauntlet | Noticed a sixfirhy
  6897 | Gauntlet | Found a transporter.
  6935 | Gauntlet | Noticed a death scarab
  6942 | Gauntlet | Noticed a spectral catoblepas
  6968 | Gauntlet | Noticed a wizard
  7031 | Gauntlet | Killed a wizard
  7034 | Gauntlet | Reached *** piety under Kikubaaqudgha
  7034 | Gauntlet | Identified Kikubaaqudgha's Catalogue of Dark Rites {god
                  | gift} (Kikubaaqudgha gifted it to you in a Gauntlet)
  7034 | Gauntlet | Received a gift from Kikubaaqudgha
  7062 | Gauntlet | Killed a sixfirhy
  7109 | Gauntlet | Reached skill level 10 in Short Blades
  7120 | Gauntlet | Killed a hell hog
  7120 | Gauntlet | Reached skill level 5 in Fighting
  7120 | Gauntlet | Reached XP level 11. HP: 24/56 MP: 9/15
  7186 | Gauntlet | Got a pair of ancient gloves
  7192 | Gauntlet | Identified the +1 pair of gloves of Nowonid {Slay+2} (You
                  | found it in a Gauntlet)
  7217 | Gauntlet | Noticed a minotaur
  7230 | Gauntlet | Killed a minotaur
  7237 | Gauntlet | Got a heavily runed helmet
  7244 | Gauntlet | Identified the +1 helmet of Zin's Fury {rPois rC++ MR-}
                  | (You found it in a Gauntlet)
  7444 | D:11     | Got a fine robe
  7445 | D:11     | Identified the +3 robe "Barosm" {Str+5 Int+4 Dex+5} (You
                  | found it on level 11 of the Dungeon)
  7478 | D:11     | Noticed a green ugly thing
  7515 | D:11     | Killed a green ugly thing
  7520 | D:11     | Noticed a cyclops
  7534 | D:11     | Killed a cyclops
  7571 | D:11     | Noticed a manticore
  7584 | D:11     | Killed a manticore
  7746 | D:11     | Reached **** piety under Kikubaaqudgha
  7870 | D:11     | Noticed a cyclops
  7896 | D:11     | Killed a cyclops
  8020 | D:10     | Entered Level 10 of the Dungeon
  8073 | D:10     | Noticed a death yak
  8093 | D:10     | Killed a death yak
  8097 | D:10     | Noticed Snorg
  8101 | D:10     | Noticed a death yak
  8104 | D:10     | Noticed a death yak
  8109 | D:10     | Killed Snorg
  8117 | D:10     | Noticed a death yak
  8121 | D:10     | Noticed a death yak
  8136 | D:9      | Killed a death yak
  8532 | D:9      | Gained mutation: You heal very quickly. [Vine Stalker
                  | growth]
  8532 | D:9      | Reached XP level 12. HP: 60/61 MP: 16/16
  8626 | D:10     | Noticed a death yak
  8633 | D:10     | Killed a death yak
  8633 | D:10     | Reached skill level 9 in Stealth
  8646 | D:9      | Killed a death yak
  8646 | D:9      | Reached skill level 10 in Stealth
  8702 | D:10     | Killed a death yak
  8713 | D:10     | Killed a death yak
  8713 | D:10     | Reached skill level 11 in Stealth
  8718 | D:10     | Found a staircase to the Lair.
  9267 | D:12     | Noticed Gastronok
  9270 | D:12     | Killed Gastronok
  9270 | D:12     | Reached skill level 12 in Stealth
  9275 | D:12     | Got a fine dagger
  9276 | D:12     | Identified the cursed +1 dagger "Urunuemu" {flame, +Rage
                  | rF++ Int+4 Dex-5} (You found it on level 12 of the Dungeon)
  9297 | D:12     | Noticed Urug
  9577 | D:12     | Reached ***** piety under Kikubaaqudgha
  9784 | D:12     | Killed Urug
  9784 | D:12     | Reached skill level 13 in Stealth
 10184 | D:4      | Killed Crazy Yiuf
 10461 | D:13     | Noticed a centaur warrior
 10468 | D:13     | Killed a centaur warrior
 10525 | D:13     | Found Qengidgh's Armour Shop.
 10552 | D:13     | Learned a level 2 spell: Corpse Rot
 10555 | D:13     | Learned a level 2 spell: Passwall
 10586 | D:13     | Found Neosmuf's Food Shop.
 10587 | D:13     | Noticed a vault guard
 10685 | D:13     | Noticed Frances
 10712 | D:13     | Reached skill level 1 in Transmutations
 10712 | D:13     | Reached skill level 1 in Earth Magic
 10736 | D:13     | Killed Frances
 10736 | D:13     | Reached XP level 13. HP: 54/65 MP: 13/19
 10742 | D:13     | Reached skill level 14 in Stealth
 10891 | D:13     | Noticed a vault guard
 10927 | D:13     | Noticed a vault guard
 10940 | D:13     | Killed a vault guard
 10962 | D:13     | Reached skill level 15 in Stealth
 10970 | D:13     | Killed a vault guard
 11013 | D:13     | Killed a vault guard
 11048 | D:13     | Found a gate to the Vaults.
 11048 | D:13     | Noticed a vault guard
 11049 | D:13     | Noticed a vault guard
 11051 | D:13     | Killed a vault guard
 11059 | D:13     | Killed a vault guard
 11214 | D:14     | Reached skill level 16 in Stealth
 11538 | D:14     | Reached skill level 5 in Dodging
 11651 | D:14     | Reached XP level 14. HP: 63/72 MP: 21/21
 11706 | D:14     | Reached ****** piety under Kikubaaqudgha
 12230 | D:8      | Bought a smoking broad axe for 261 gold pieces
 12230 | D:8      | Identified the +5 broad axe of the Neverending Dreams
                  | {holy, rN+ Str+4 Int+3 Dex+2} (You bought it in a shop on
                  | level 8 of the Dungeon)
 12372 | D:15     | Entered Level 15 of the Dungeon
 12506 | D:15     | Found a basalt altar of Yredelemnul.
 13206 | D:15     | Found a staircase to the Depths.
 13611 | D:15     | Reached skill level 10 in Fighting
 13711 | D:15     | Received a gift from Kikubaaqudgha
 13715 | D:15     | Learned a level 1 spell: Animate Skeleton
 13751 | Depths:1 | Entered Level 1 of the Depths
 13882 | Depths:1 | Reached skill level 1 in Evocations
 14017 | Depths:1 | Reached XP level 15. HP: 53/80 MP: 22/22
 14020 | Depths:1 | Slain by an ettin

Levels and vault maps discovered:
D:1:      dpeg_arrival_round_b, layout_basic
D:2:      layout_rooms, first_ration
D:3:      layout_loops_ring, lemuel_crystal_altar,
          nicolae_overflow_crystal_walls, cheibriados_altar_1
D:4:      layout_layer_cave, serial_shops,
          nicolae_shop_temple_entry_statues_fountains, uniq_crazy_yiuf_cottage
D:5:      layout_basic, grunt_temple_overflow_open, serial_shops,
          kennysheep_little_box
D:6:      layout_basic, lemuel_coloured_pillars_altar, lemuel_doored_altar,
          marbit_many_paths, basic_altar, uniq_edmund
D:7:      layout_loops_ring, kennysheep_mini_moat, minmay_temple_entry_ruins,
          kennysheep_generic_room_15, uniq_prince_ribbit1, uniq_joseph
D:8:      layout_rooms, elyvilon_altar_3, serial_shops, shop, tso_metal_star
D:9:      layout_irregular_city, fedhas_altar_3, david_orc_3, grunt_livestock
D:10:     layout_gridville, dpeg_lair_monsters, moated_statue, uniq_snorg
D:11:     layout_roguey, portal_ice_cave_entry_imps, kennysheep_nondescript
D:12:     layout_loops_ring, uniq_urug, uniq_gastronok
D:13:     layout_small_grid, grunt_vaults_entry_fortified,
          gauntlet_entry_generic, serial_shops, shop_statue, nicolae_shop_trees,
          uniq_frances
D:14:     layout_basic, serial_glass, glass_columns_b, glass_columns_c,
          glass_columns_a, glass_columns_a, hangedman_decor_slide_cut,
          bh_circular_ruins
D:15:     gammafunk_depths_entry_grave, layout_loops_corners,
          lemuel_mausoleum_altar_yredelemnul
Temple:   compressed_dpeg_circular_temple
Depths:1: layout_roguey, pf_coc_iceberg, grunt_decor_cap,
          serial_sigils_hangedman_shear, nooodl_orcs_dogs

Skill      XL: |  1  2  3  4  5  6  7  8  9 10 11 12 13 14 |
---------------+-------------------------------------------+-----
Ice Magic      | 4 5 |  5.3
Stealth        | 3 4 5 7 8 13 16 | 16.1
Charms         | 2 4 |  4.6
Throwing       | 1 2 |  2.0
Hexes          | 2 4 |  4.0
Short Blades   | 2 5 6 8 10 12 | 12.0
Fighting       | 4 5 6 7 10 | 10.0
Shields        | 4 |  4.2
Necromancy     | 3 |  3.5
Dodging        | 4 6 8 |  8.0
Transmutations | 1 |  1.0
Earth Magic    | 1 |  1.0
Spellcasting   | 3 4 |  4.4
Evocations     | 4 |  4.0
Conjurations   | |  1.0

Action                   |  1- 3 |  4- 6 |  7- 9 | 10-12 | 13-15 || total
-------------------------+-------+-------+-------+-------+-------++-------
Melee: Unarmed           |    29 |       |       |       |       ||    29
       Bite              |    17 |    27 |    85 |   203 |   280 ||   612
       Dagger            |    27 |    87 |       |       |       ||   114
       Short sword       |       |     8 |   249 |   488 |   500 ||  1245
Throw: Dart              |    12 |     7 |    10 |    24 |    16 ||    69
       Stone             |       |       |       |     4 |       ||     4
       Throwing net      |       |       |       |     1 |       ||     1
 Cast: Freeze            |    38 |    51 |     1 |       |       ||    90
       Ozocubu's Armour  |     1 |     5 |     4 |    10 |    18 ||    38
       Confusing Touch   |       |       |    35 |    66 |    89 ||   190
       Regeneration      |       |       |       |     6 |       ||     6
       Passwall          |       |       |       |       |     1 ||     1
Invok: Receive Necronomi |       |       |       |       |     1 ||     1
 Abil: Evoke Invisibilit |       |       |       |       |     3 ||     3
Evoke: Wand              |       |     2 |     6 |     2 |     5 ||    15
  Use: Scroll            |       |     6 |     7 |     9 |     8 ||    30
       Potion            |       |       |       |     1 |       ||     1
 Stab: Sleeping          |     6 |     5 |    11 |    16 |    35 ||    73
       Paralysed         |       |     5 |     1 |       |       ||     6
       Confused          |       |       |    21 |    58 |    82 ||   161
       Distracted        |       |       |     1 |     2 |       ||     3
       Held in net/web   |       |       |       |     1 |       ||     1
  Eat: Chunk             |     2 |     5 |     7 |    15 |     9 ||    38
       Ration            |       |     1 |       |     1 |     1 ||     3
Armor: Robe              |    32 |    48 |    32 |    57 |    59 ||   228
Dodge: Dodged            |    72 |    84 |    68 |    84 |    85 ||   393
Block: Buckler           |       |       |    23 |    98 |    96 ||   217

Table legend:
 A = Turns spent in this place as a percentage of turns spent in the entire game.
 B = Non-inter-level travel turns spent in this place as a percentage of non-inter-level travel turns spent in the entire game.
 C = Inter-level travel turns spent in this place as a percentage of turns spent in this place.
 D = Turns resting spent in this place as a percentage of non-inter-level travel turns spent in this place.
 E = Turns spent auto-exploring this place as a percentage of non-inter-level travel turns spent in this place.
 F = Non-inter-level travel turns spent in this place divided by the number of levels of this place that you've seen.
                   A       B       C       D       E      F
               +-------+-------+-------+-------+-------+----------------------
         Total | 100.0 | 100.0 |  10.6 |   8.8 |  56.2 | 696.3
       Dungeon |  93.7 |  93.1 |  11.2 |   7.6 |  58.4 | 777.5
        Temple |   0.5 |   0.6 |  10.4 |   0.0 |  73.9 |  69.0
        Depths |   1.9 |   2.1 |   0.0 |  31.2 |   0.0 | 269.0
      Gauntlet |   3.8 |   4.3 |   0.0 |  25.0 |  32.5 | 533.0
               +-------+-------+-------+-------+-------+----------------------

Table legend:
 A = Kills in this place as a percentage of kills in entire the game.
 B = Kills by you in this place as a percentage of kills by you in the entire game.
 C = Kills by friends in this place as a percentage of kills by friends in the entire game.
 D = Other kills in this place as a percentage of other kills in the entire game.
 E = Experience gained in this place as a percentage of experience gained in the entire game.
 F = Experience gained in this place divided by the number of levels of this place that you have seen.
                   A       B       C       D       E      F
               +-------+-------+-------+-------+-------+----------------------
         Total | 100.0 | 100.0 |   N/A | 100.0 | 100.0 | 4845.5
       Dungeon |  92.5 |  92.4 |   N/A | 100.0 |  83.7 | 4864.3
        Depths |   4.7 |   4.8 |   N/A |   0.0 |  11.6 | 10104.0
      Gauntlet |   2.8 |   2.9 |   N/A |   0.0 |   4.8 | 4151.0
               +-------+-------+-------+-------+-------+----------------------

Levels and vault maps discovered:
D:1:      dpeg_arrival_round_b, layout_basic
D:2:      layout_rooms, first_ration
D:3:      layout_loops_ring, lemuel_crystal_altar,
          nicolae_overflow_crystal_walls, cheibriados_altar_1
D:4:      layout_layer_cave, serial_shops,
          nicolae_shop_temple_entry_statues_fountains, uniq_crazy_yiuf_cottage
D:5:      layout_basic, grunt_temple_overflow_open, serial_shops,
          kennysheep_little_box
D:6:      layout_basic, lemuel_coloured_pillars_altar, lemuel_doored_altar,
          marbit_many_paths, basic_altar, uniq_edmund
D:7:      layout_loops_ring, kennysheep_mini_moat, minmay_temple_entry_ruins,
          kennysheep_generic_room_15, uniq_prince_ribbit1, uniq_joseph
D:8:      layout_rooms, elyvilon_altar_3, serial_shops, shop, tso_metal_star
D:9:      layout_irregular_city, fedhas_altar_3, david_orc_3, grunt_livestock
D:10:     layout_gridville, dpeg_lair_monsters, moated_statue, uniq_snorg
D:11:     layout_roguey, portal_ice_cave_entry_imps, kennysheep_nondescript
D:12:     layout_loops_ring, uniq_urug, uniq_gastronok
D:13:     layout_small_grid, grunt_vaults_entry_fortified,
          gauntlet_entry_generic, serial_shops, shop_statue, nicolae_shop_trees,
          uniq_frances
D:14:     layout_basic, serial_glass, glass_columns_b, glass_columns_c,
          glass_columns_a, glass_columns_a, hangedman_decor_slide_cut,
          bh_circular_ruins
D:15:     gammafunk_depths_entry_grave, layout_loops_corners,
          lemuel_mausoleum_altar_yredelemnul
Temple:   compressed_dpeg_circular_temple
Depths:1: layout_roguey, pf_coc_iceberg, grunt_decor_cap,
          serial_sigils_hangedman_shear, nooodl_orcs_dogs
